Map: Dusty Gorge

Players

OmegaKiller

  • Race: Protoss Protoss
  • Spawn Location: 5:00

Alpha

  • Race: Terran Terran
  • League: Platinum
  • Spawn Location: 3:00

Massa - Winner!

  • Race: Terran Terran
  • League: Gold
  • Spawn Location: 9:00

qqq - Winner!

  • Race: Zerg Zerg
  • League: Platinum
  • Spawn Location: 11:00

VOD

Have the link to the VOD?

Description

Time

  • Played on: May 20, 2020, 6:54 a.m.
  • Length: 22:12
Show
View Real Time Build Order
Export as new Build Order

OmegaKiller Protoss 

Build Orders: Phoenix Opening 

Get SALT Encoding   

  12  0:01  Probe  
  14  0:14  Probe  
  14  0:18  Pylon  
  14  0:38  Probe  
  15  0:47  Gateway  
  15  0:54  Probe (Chrono Boost)  
  15  0:56  Assimilator  
  16  1:03  Probe (Chrono Boost)  
  17  1:30  Pylon  
  17  1:31  Probe (Chrono Boost)  
  18  1:40  Cybernetics Core  
  18  1:41  Probe (Chrono Boost)  
  18  1:46  Probe (Chrono Boost)  
  19  1:53  Assimilator  
  20  2:02  Nexus  
  19  2:12  Probe  
  19  2:15  Warp Gate (Chrono Boost)  
  20  2:24  Probe, Pylon  
  20  2:28  Adept  
  23  2:57  Stargate  
  23  3:16  Probe (Chrono Boost)  
  23  3:17  Probe (Chrono Boost)  
  27  3:27  Probe x2 (Chrono Boost)  
  27  3:32  Probe x2 (Chrono Boost)  
  29  3:37  Stargate  
  29  3:45  Probe x2  
  31  3:54  Phoenix  
  33  3:59  Probe x2  
  33  4:02  Pylon  
  35  4:06  Pylon  
  35  4:12  Forge  
  32  5:13  Photon Cannon  
  28  5:15  Photon Cannon  
  28  5:19  Shield Battery  
  9  6:14  Nexus  
  9  6:18  Pylon  
  9  6:46  Photon Cannon  
  9  6:48  Photon Cannon x2  
  9  6:50  Shield Battery  
  9  6:52  Shield Battery  
  5  7:42  Probe (Chrono Boost)  
  7  7:51  Probe (Chrono Boost)  
  7  7:56  Probe (Chrono Boost)  
  8  8:29  Probe  
  9  8:34  Gateway  
  9  8:41  Probe  
  10  9:07  Nexus  
  10  9:12  Probe  
  11  9:18  Probe  
  12  9:49  Probe  
  13  9:59  Cybernetics Core  
  13  10:01  Probe  
  15  10:14  Probe (Chrono Boost)  
  15  10:22  Probe (Chrono Boost)  
  15  10:26  Probe (Chrono Boost)  
  18  10:29  Probe (Chrono Boost)  
  18  10:32  Probe (Chrono Boost)  
  21  10:35  Probe (Chrono Boost)  
  21  10:36  Probe (Chrono Boost)  
  21  10:39  Probe (Chrono Boost)  
  22  10:45  Twilight Council  
  22  10:47  Assimilator  
  22  10:52  Assimilator  
  22  10:54  Probe  
  23  11:03  Probe  
  24  11:05  Probe  
  24  11:06  Probe  
  24  11:09  Assimilator  
  26  11:17  Probe  
  27  11:26  Dark Shrine  
  27  11:38  Probe  
  28  11:40  Probe  
  28  11:41  Probe  
  30  11:50  Probe  
  30  11:51  Pylon  
  30  11:52  Probe  
  30  11:54  Probe  
  33  12:02  Probe  
  33  12:04  Probe  
  33  12:06  Probe  
  28  13:24  Assimilator  
  28  13:33  Forge  
  28  13:40  Gateway  
  28  14:34  Pylon  
  28  14:36  Pylon  
  28  14:45  Pylon  
  28  14:49  Cybernetics Core  
  28  15:19  Pylon  
  28  15:22  Pylon  
  28  15:25  Pylon  
  28  15:35  Robotics Facility  
  28  16:13  Pylon  
  28  16:15  Pylon  
  28  16:30  Robotics Bay  
  28  16:41  Photon Cannon  
  28  16:42  Photon Cannon  
  28  16:44  Photon Cannon  
  28  16:46  Photon Cannon  
  28  16:48  Photon Cannon  
  28  16:49  Shield Battery  
  28  16:51  Shield Battery  
  28  16:54  Shield Battery  
  28  17:08  Twilight Council  
  28  17:16  Disruptor  
  31  17:30  Robotics Facility  
  31  18:16  Disruptor  
  33  18:42  Pylon  
  33  19:14  Disruptor  
Show
View Real Time Build Order
Export as new Build Order

Alpha Terran 

Build Orders: Reaper Expand 

Get SALT Encoding   

  12  0:03  SCV  
  13  0:15  SCV  
  13  0:19  Supply Depot  
  14  0:27  SCV  
  15  0:41  SCV  
  15  0:42  Barracks  
  16  0:46  Refinery  
  16  0:53  SCV  
  17  1:05  SCV  
  18  1:25  SCV  
  19  1:33  Reaper  
  19  1:37  Orbital Command  
  20  2:01  Command Center  
  20  2:02  Supply Depot  
  20  2:03  SCV  
  21  2:17  Marine  
  21  2:20  Factory  
  22  2:32  SCV  
  22  2:37  Barracks Reactor  
  22  2:45  SCV  
  22  2:49  Refinery  
  23  2:55  Barracks  
  23  2:58  Barracks  
  23  3:01  SCV  
  24  3:10  Starport  
  24  3:13  SCV  
  24  3:18  Orbital Command  
  24  3:19  Marine  
  26  3:22  Factory Tech Lab  
  26  3:24  Marine  
  27  3:29  SCV  
  28  3:40  Supply Depot  
  28  3:44  Barracks Tech Lab  
  28  3:46  Barracks Tech Lab, Marine  
  29  3:49  Factory Tech Lab, SCV  
  30  4:04  Cloaking Field  
  30  4:06  Refinery  
  33  4:15  Marine x4  
  37  4:23  Stimpack  
  37  4:25  SCV  
  37  4:26  SCV  
  39  4:33  Marine x2  
  39  4:34  Siege Tank  
  42  4:38  SCV  
  42  4:45  Marine x2, Combat Shield  
  42  4:50  Marine  
  45  5:01  Banshee, Bunker  
  46  5:07  Marine x3  
  42  5:23  Siege Tank  
  42  5:25  Marine x3  
  42  5:26  Marine  
  49  5:41  SCV x2  
  51  5:45  Supply Depot  
  51  5:46  Banshee  
  54  6:09  Marine x4, Siege Tank  
  61  6:27  Marine  
  61  6:34  Marine  
  61  6:35  Marine  
  62  6:40  Banshee, Marine, Supply Depot x2  
  62  6:41  SCV x2  
  62  6:44  Marine  
  69  6:52  Marine  
  70  7:01  Marauder x2  
  66  7:09  Marine  
  66  7:10  Marine  
  68  7:16  Barracks x2  
  68  7:22  Marine  
  68  7:23  Marauder  
  68  7:26  Medivac  
  68  7:27  Marine  
  71  8:20  Marine x2  
  71  8:22  Marine x3  
  71  8:23  Medivac, Siege Tank  
  71  8:24  Marine  
  82  8:34  Supply Depot  
  82  8:35  Supply Depot  
  75  8:52  Starport, Marine x2  
  75  8:53  Marine x2  
  75  8:54  Starport  
  75  8:55  Marauder  
  69  8:56  Marauder, Siege Tank  
  67  9:10  Marine  
  67  9:11  Marine  
  69  9:19  SCV  
  69  9:20  SCV  
  69  9:23  Barracks Reactor  
  69  9:24  Marine x3  
  72  9:30  Barracks  
  74  9:35  Engineering Bay  
  74  9:36  SCV x2  
  76  9:48  SCV  
  46  10:16  Marine x5  
  46  10:17  Marauder, Marine, Siege Tank  
  46  10:18  Medivac x2  
  46  10:19  Medivac  
  53  10:30  Terran Infantry Weapons Level 1  
  53  10:33  SCV x2  
  53  10:34  Marine  
  53  10:35  Refinery, Marauder  
  58  10:38  Marauder  
  58  10:40  Marine x3  
  63  10:43  Barracks Reactor  
  63  10:45  SCV x2  
  65  10:51  Marine  
  65  10:56  Marauder  
  68  10:57  SCV x2  
  68  11:02  Marauder, Marine x3  
  73  11:08  Siege Tank  
  73  11:09  Marine  
  53  11:19  Marine x3  
  53  11:24  SCV, Marauder  
  59  11:26  Marine x2  
  59  11:29  Marine  
  62  11:34  Starport Tech Lab  
  62  11:36  Starport Tech Lab x2  
  65  11:47  Siege Tank  
  65  11:55  Banshee x2  
  65  11:57  Marine  
  72  12:03  Marine  
  72  12:04  Marine x2  
  74  12:24  Medivac  
  73  12:34  Marine x3  
  73  12:35  Marine x5  
  73  12:36  Marauder  
  82  12:38  Medivac  
  82  12:39  Concussive Shells  
  80  12:46  Siege Tank  
  79  13:07  Marine  
  79  13:08  Marine x4  
  79  13:09  Marauder  
  86  13:14  Medivac  
  84  13:23  Medivac  
  86  13:28  Supply Depot  
  86  13:30  Supply Depot  
  86  13:32  Marine  
  86  13:34  Marine  
  86  13:36  Marine  
  86  13:39  Medivac  
  84  13:45  Terran Infantry Armor Level 1  
  84  13:48  Armory  
  84  14:00  Fusion Core  
  80  14:30  Marine x3  
  80  14:31  Marauder, Marine  
  86  14:34  Command Center  
  86  14:43  Siege Tank  
  86  14:44  Marauder, Marine x3  
  94  14:48  Marine  
  95  14:58  Marine  
  95  14:59  Marauder, Marine x2  
  100  15:16  Medivac  
  102  15:29  Supply Depot  
  102  15:45  SCV x2, Marine x3, Medivac, Battlecruiser  
  109  15:57  SCV  
  105  16:06  Terran Infantry Weapons Level 2  
  105  16:10  Engineering Bay  
  95  16:24  Medivac, Battlecruiser  
  103  16:56  Battlecruiser  
  109  17:03  Siege Tank  
  109  17:06  Weapon Refit  
  112  17:16  Battlecruiser  
  112  17:19  Marine  
  119  17:31  Marine x4  
  123  17:39  Planetary Fortress  
  123  17:58  SCV x2  
  125  18:02  Missile Turret  
  125  18:12  Battlecruiser  
  128  18:25  Terran Infantry Weapons Level 3  
  128  18:41  Marine x2, Siege Tank  
  133  18:50  Terran Ship Weapons Level 1  
  133  18:58  Refinery x2  
  131  19:16  SCV  
  132  19:33  SCV  
  133  19:50  Supply Depot  
  133  19:54  Missile Turret  
  133  19:56  Missile Turret  
  133  20:11  SCV x2  
  85  20:41  Marine  
  83  20:46  Viking  
  74  21:11  Barracks  
  60  21:12  Barracks  
Show
View Real Time Build Order
Export as new Build Order

Massa Terran - Winner!

Build Orders:  

Get SALT Encoding   

  12  0:11  Supply Depot  
  12  0:13  SCV  
  13  0:25  SCV  
  14  0:35  Barracks  
  14  0:37  SCV  
  15  0:48  Supply Depot  
  15  0:59  SCV  
  16  1:11  SCV  
  17  1:18  Supply Depot  
  17  1:23  SCV  
  18  1:25  Refinery  
  18  1:28  Refinery  
  18  1:35  SCV, Marine  
  20  1:53  Marine  
  21  2:10  Marine  
  22  2:19  Barracks  
  22  2:25  Barracks  
  22  2:28  Marine  
  23  2:46  Marine  
  24  2:57  Barracks  
  24  3:03  Factory  
  24  3:04  Orbital Command, Marine  
  25  3:09  Marine  
  26  3:15  Supply Depot  
  26  3:17  Marine  
  27  3:22  Marine  
  28  3:27  Marine  
  29  3:35  Marine  
  29  3:39  Marine  
  31  3:45  Marine  
  31  3:46  Marine  
  33  3:49  SCV  
  33  3:53  Marine  
  35  3:57  Marine  
  36  4:05  Factory Tech Lab  
  36  4:19  Engineering Bay  
  36  4:26  Command Center  
  35  5:21  Marine x4  
  39  5:39  Marine x3  
  42  5:50  Marine  
  42  5:54  Siege Tank  
  42  5:57  Marine x3  
  47  6:08  Marine  
  48  6:14  Marine, Missile Turret  
  46  6:26  Siege Tank  
  49  6:33  Marine x2  
  49  6:34  Marine x2, Missile Turret  
  53  6:51  Marine x3  
  53  6:52  Marine  
  57  6:54  Missile Turret  
  57  6:58  Siege Tank  
  57  7:09  Marine  
  57  7:50  Marine x4  
  53  8:07  Marine  
  53  8:08  Marine x2  
  47  8:53  Marine x4  
  38  9:10  SCV  
  38  9:11  Marine x4  
  38  9:13  Orbital Command  
  43  9:18  Missile Turret  
  43  9:22  SCV  
  44  9:28  Marine, Siege Tank  
  44  9:29  Marine x3  
  51  9:31  Barracks  
  51  9:34  SCV  
  51  9:35  Terran Infantry Weapons Level 1  
  52  9:40  Engineering Bay, Missile Turret  
  52  9:46  SCV, Marine x3  
  52  9:47  Marine  
  55  10:00  SCV  
  48  10:19  Marine x4  
  50  10:37  Marine x4  
  54  10:45  Supply Depot  
  54  10:51  Barracks Tech Lab  
  54  10:56  Barracks Reactor  
  54  11:06  Marine x3  
  54  11:07  SCV x2  
  54  11:08  Supply Depot  
  44  11:19  SCV x2  
  44  11:24  Marine x3  
  52  11:25  Siege Tank  
  52  11:29  Marauder  
  52  11:31  SCV x2, Supply Depot  
  56  11:36  Combat Shield  
  56  11:42  Starport, Marine x3  
  56  11:43  SCV x2  
  61  11:50  Marauder  
  61  11:54  Supply Depot  
  63  11:57  Siege Tank  
  63  12:00  Marine  
  67  12:12  Marauder  
  67  12:29  Marine  
  52  12:30  Marine x4  
  52  12:33  Marauder  
  58  12:47  Marine x3  
  58  12:48  Marine x2  
  63  12:54  Marauder  
  64  13:05  Marine x5  
  63  13:16  Marauder  
  58  13:23  Marine x5, Siege Tank  
  66  13:28  Terran Infantry Armor Level 1  
  66  13:35  Medivac  
  66  13:37  Marauder  
  66  13:38  Command Center  
  66  13:40  Armory  
  66  13:41  Marine x5  
  66  13:55  Siege Tank  
  66  13:58  Marauder, Marine  
  66  13:59  Marine x2  
  74  14:05  Medivac  
  74  14:06  Stimpack  
  76  14:17  Supply Depot  
  76  14:20  Marauder  
  78  14:30  Refinery  
  78  14:35  Medivac  
  80  14:39  Supply Depot  
  80  15:02  Supply Depot  
  80  15:06  Marauder  
  82  15:07  Marine x5  
  82  15:13  SCV x2  
  89  15:22  Missile Turret  
  89  15:24  Supply Depot  
  89  15:25  SCV x2, Marine x5  
  89  15:28  Marauder  
  98  15:43  Marine x3  
  98  15:49  Marauder  
  103  16:11  Marauder  
  105  16:18  Terran Infantry Armor Level 2, Terran Infantry Weapons Level 2  
  86  16:19  Medivac  
  77  16:32  Marauder  
  79  16:40  Marine x5  
  79  16:44  Command Center, Concussive Shells  
  84  16:49  Medivac  
  84  16:53  Marauder  
  88  16:57  SCV  
  88  16:58  SCV, Marine x5  
  95  17:09  SCV, Thor  
  95  17:10  SCV  
  95  17:14  Factory  
  95  17:15  Marauder, Marine  
  105  17:16  Marine  
  105  17:19  Medivac  
  105  17:21  SCV  
  105  17:22  SCV  
  111  17:34  SCV  
  111  17:36  Marauder  
  114  17:43  Barracks Reactor  
  114  17:44  Marine x3  
  115  17:45  Marine  
  115  17:49  Medivac  
  120  17:58  Marauder  
  122  18:00  Factory Tech Lab  
  122  18:01  Marine x2  
  122  18:02  Marine  
  122  18:03  Marine  
  126  18:11  Orbital Command  
  126  18:14  Orbital Command  
  126  18:19  Marauder, Marine x3, Medivac  
  132  18:20  Marine  
  134  18:37  Marine x3  
  134  18:38  Marine  
  134  18:40  Marauder  
  140  18:49  Medivac  
  140  18:55  Marine x3  
  144  18:56  Marine  
  144  19:02  Marauder  
  135  19:13  Marine  
  135  19:14  Marine  
  135  19:15  Marine x4  
  129  19:23  Marauder  
  126  19:27  Missile Turret  
  126  19:31  Marine  
  127  19:32  Marine  
  127  19:33  Marine x4  
  132  19:39  Missile Turret  
  132  19:44  Marauder, Missile Turret  
  134  19:47  Refinery  
  134  19:48  Missile Turret  
  134  19:49  Refinery, Marine  
  134  19:50  Terran Vehicle And Ship Armor Level 1  
  135  19:58  Refinery  
  135  20:00  Missile Turret  
  135  20:05  Missile Turret  
  135  20:06  Marauder, Marine x2  
  135  20:07  Marine x4  
  139  20:10  Missile Turret  
  134  20:24  Marine x4, Missile Turret  
  134  20:25  Marine x2, Missile Turret  
  134  20:27  Marauder  
  110  20:30  Missile Turret  
  91  20:42  Marine x5  
  83  20:49  Marauder, Missile Turret  
  86  20:53  Missile Turret x2  
  72  21:00  Marine x6  
  78  21:04  Viking  
  78  21:09  Missile Turret  
  78  21:10  Marauder  
  80  21:13  Missile Turret  
  80  21:15  Missile Turret  
  80  21:17  Marine  
  80  21:18  Marine  
  82  21:31  Marauder  
  73  21:34  Viking  
  73  21:35  Missile Turret  
  66  21:41  Marine x4  
  66  21:42  Marine x2  
  78  21:57  Missile Turret  
Show
View Real Time Build Order
Export as new Build Order

qqq Zerg - Winner!

Build Orders: Hatch First 

Get SALT Encoding   

  12  0:01  Drone  
  13  0:10  Drone  
  14  0:36  Hatchery  
  13  0:53  Spawning Pool  
  12  1:02  Overlord  
  12  1:08  Drone  
  13  1:12  Drone  
  14  1:20  Drone  
  14  1:23  Extractor  
  14  1:27  Drone  
  15  1:38  Drone  
  16  1:49  Queen  
  18  2:04  Drone  
  18  2:05  Zergling x2  
  18  2:07  Queen  
  22  2:10  Drone  
  23  2:26  Zergling x4  
  23  2:27  Drone x2  
  26  2:35  Metabolic Boost  
  26  2:41  Drone  
  26  2:43  Zergling x2  
  28  2:50  Overlord  
  28  3:02  Drone, Roach Warren  
  28  3:09  Overlord  
  28  3:13  Drone  
  29  3:22  Lair  
  29  3:27  Drone  
  29  3:29  Drone  
  31  3:35  Zergling x2  
  31  3:36  Zergling x2  
  31  3:38  Drone  
  34  3:44  Zergling x2  
  34  3:46  Roach  
  37  3:51  Drone  
  37  3:54  Roach  
  40  3:57  Drone  
  41  4:03  Zergling x2  
  41  4:04  Roach  
  44  4:22  Overlord x3  
  43  4:28  Spore Crawler  
  42  4:31  Spore Crawler  
  41  4:38  Roach  
  43  4:46  Drone x3  
  46  5:03  Roach  
  46  5:04  Roach x2  
  46  5:05  Drone x2  
  46  5:15  Zergling x2  
  48  5:21  Zergling x2  
  48  5:22  Roach  
  50  5:30  Glial Reconstitution  
  50  5:31  Hatchery  
  50  5:35  Zergling x2  
  50  5:36  Roach x2  
  50  5:37  Roach x2  
  58  5:49  Zergling x2  
  60  5:50  Drone, Zergling x2  
  60  5:55  Extractor  
  60  6:11  Pneumatized Carapace  
  60  6:16  Zergling x2  
  60  6:17  Zergling x4  
  55  6:35  Roach  
  55  6:36  Roach  
  55  6:39  Zergling x2  
  58  6:40  Zergling x8  
  62  6:53  Zergling x4  
  62  6:54  Zergling x6  
  63  6:55  Zergling x4  
  63  6:56  Overseer  
  63  6:59  Drone x2  
  63  7:01  Roach  
  61  7:38  Drone, Queen  
  61  7:39  Drone x2  
  66  7:44  Roach x2  
  66  7:45  Zergling x2  
  66  7:49  Zergling x6  
  71  8:03  Hatchery  
  70  8:12  Hatchery  
  69  8:23  Zergling x2, Roach x2  
  69  8:24  Overlord x5  
  60  8:48  Zergling x10  
  51  9:04  Roach  
  51  9:05  Roach x2  
  51  9:06  Drone x3  
  60  9:14  Spore Crawler  
  60  9:16  Spore Crawler  
  58  9:17  Spore Crawler  
  58  9:18  Drone  
  58  9:19  Drone, Roach  
  58  9:20  Zergling x2  
  62  9:34  Zergling x4  
  62  9:35  Hatchery, Zergling x2, Roach x3  
  62  9:36  Roach x3  
  62  9:37  Drone  
  62  9:38  Hatchery  
  76  9:39  Drone  
  76  9:40  Hatchery  
  62  10:16  Roach  
  62  10:17  Roach x5  
  74  10:22  Drone x5  
  74  10:23  Drone x2  
  81  10:32  Queen  
  83  10:36  Spore Crawler  
  83  10:37  Spore Crawler  
  83  10:38  Spore Crawler  
  83  10:39  Roach  
  83  10:40  Zergling x4, Spore Crawler  
  83  10:42  Roach  
  85  10:47  Drone  
  85  10:48  Drone  
  85  10:49  Drone  
  88  10:52  Drone  
  88  10:53  Drone  
  88  10:54  Drone  
  88  10:56  Drone  
  92  11:02  Overseer  
  92  11:03  Overlord  
  92  11:05  Zergling x4  
  85  11:21  Zergling x6  
  88  11:30  Drone x6  
  88  11:31  Roach x2  
  88  11:32  Zergling x2, Roach x2  
  103  11:39  Drone  
  104  11:40  Drone, Nydus Network  
  104  11:51  Roach x4  
  104  11:52  Zergling x2  
  104  12:38  Roach x5  
  104  12:39  Zergling x12  
  114  12:49  Drone  
  114  12:50  Drone x6  
  121  12:52  Overlord x6  
  121  12:53  Overlord  
  121  13:06  Hydralisk Den  
  121  13:11  Evolution Chamber  
  121  13:12  Zergling x16, Evolution Chamber  
  127  13:13  Zergling x2, Spire, Roach x2  
  127  13:14  Roach  
  123  13:44  Roach  
  123  13:45  Zergling x6, Roach x6  
  123  13:46  Zergling x6  
  123  13:47  Drone x5  
  123  13:48  Drone  
  147  14:00  Drone  
  147  14:01  Extractor, Drone  
  148  14:05  Extractor x2  
  146  14:12  Drone x3  
  146  14:14  Extractor, Grooved Spines  
  147  14:18  Extractor  
  147  14:22  Zergling x10  
  147  14:23  Zergling x12  
  157  14:24  Drone  
  157  14:25  Drone x3, Hatchery  
  160  14:34  Zerg Melee Weapons Level 1  
  160  14:37  Zergling x6  
  160  14:38  Zergling x2  
  164  14:44  Drone x4  
  168  14:48  Zerg Ground Armor Level 1  
  168  15:04  Drone x6  
  174  15:11  Extractor  
  173  15:23  Hydralisk, Zergling x4  
  173  15:25  Overlord x3  
  173  15:26  Overlord x6  
  173  15:52  Zergling x14  
  173  15:53  Roach x5  
  173  15:54  Zergling x10  
  151  16:06  Zergling x4, Roach x4  
  151  16:07  Zergling x4  
  163  16:22  Overseer  
  163  16:26  Zergling x2  
  163  16:27  Hydralisk x5, Zergling x6  
  163  16:29  Roach x3  
  184  16:32  Drone  
  184  16:33  Drone x5  
  189  16:48  Zerg Melee Weapons Level 2  
  189  16:49  Infestation Pit  
  189  16:50  Zerg Missile Weapons Level 1  
  188  17:02  Drone x2  
  190  17:15  Nydus Canal  
  190  17:27  Extractor  
  189  17:32  Spore Crawler  
  189  17:33  Spore Crawler  
  189  17:34  Spore Crawler  
  181  17:54  Hydralisk x4  
  181  17:55  Zergling x4  
  181  17:56  Zergling x16  
  162  18:20  Zergling x2  
  162  18:21  Zergling x8, Roach x2  
  162  18:22  Roach x8  
  179  18:32  Hydralisk x2  
  179  18:33  Hydralisk x7  
  179  18:34  Hydralisk  
  195  18:38  Drone, Hive  
  200  18:44  Zerg Ground Armor Level 2  
  199  18:50  Nydus Canal  
  199  19:07  Nydus Canal  
  199  19:10  Zergling x2  
  200  19:21  Zerg Flyer Weapons Level 1  
  200  19:22  Spore Crawler, Zerg Missile Weapons Level 2  
  199  19:26  Spore Crawler x2  
  197  19:42  Lair  
  197  19:44  Hydralisk Den  
  196  19:51  Spire  
  195  19:56  Ultralisk Cavern  
  155  20:16  Hydralisk x3  
  155  20:17  Hydralisk x7  
  155  20:18  Hydralisk x8  
  155  20:19  Hydralisk x3  
  195  20:33  Muscular Augments  
  195  20:36  Adrenal Glands  
  188  21:07  Hydralisk x3  
  188  21:08  Hydralisk x5  
Tags
 
Add a new tag
Caveats
  • Supply blocks, unpowered buildings, or Contaminate may cause inaccurate times.
  • Supply counts are checked every 10 seconds.